 Dungeon Crawl Stone Soup version 0.20-a0-454-g2b43fbb (webtiles) character file.

21 terra52 the Vandal (level 3, 28/28 HPs)
             Began as a Formicid Hunter on Jan 8, 2017.
             Quit the game on level 1 of the Dungeon.
             The game lasted 00:01:51 (413 turns).

terra52 the Vandal (Formicid Hunter)                 Turns: 413, Time: 00:01:51

Health: 28/28      AC:  3    Str: 17    XL:     3   Next: 5%
Magic:  3/3        EV: 12    Int: 10    God:
Gold:   14         SH:  0    Dex: 11    Spells: 2/2 levels left

rFire  . . .     SeeInvis +     a - +1 hunting sling
rCold  . . .     Gourm    .     c - +0 leather armour
rNeg   . . .     Faith    .     (no shield)
rPois  .         Spirit   .     (helmet unavailable)
rElec  .         Reflect  .     (no cloak)
rCorr  .         Harm     .     (no gloves)
MR     .....                    (no boots)
Stlth  +.........               (no amulet)
                                (no ring)
                                (no ring)

@: no status effects
A: permanent stasis, dig shafts and tunnels, four strong arms, antennae 3
a: Dig, Shaft Self


You were on level 1 of the Dungeon.
You were not hungry.

You visited 1 branch of the dungeon, and saw 1 of its levels.

You collected 14 gold pieces.

Inventory:

Hand Weapons
 a - a +1 hunting sling (weapon)
 b - a +0 short sword
Missiles
 d - 18 sling bullets
 e - 2 javelins
 k - 53 stones (quivered)
Armour
 c - a +0 leather armour (worn)
Jewellery
 i - an uncursed ring of protection from cold {unknown}
Scrolls
 g - a scroll of random uselessness {unknown}
 o - a scroll of teleportation {unknown}
 q - a scroll of remove curse {unknown}
Potions
 j - 2 potions of flight {unknown}
 l - a potion of resistance {unknown}
 m - a potion of cancellation {unknown}
 p - a potion of berserk rage {unknown}
Comestibles
 f - a bread ration
 h - a beef jerky
 n - a meat ration


   Skills:
 - Level 2.3 Fighting
 + Level 5.2 Slings
 - Level 1.7 Dodging
 - Level 1.2 Stealth


You had 2 spell levels left.
You didn't know any spells.

Dungeon Overview and Level Annotations

Branches:
Dungeon (1/15)

Altars:


Innate Abilities, Weirdness & Mutations

You cannot be hasted, slowed, berserked, paralysed or teleported.
You can dig through walls and to a lower floor.
Your four strong arms can wield two-handed weapons with a shield.
You have a pair of large antennae on your head. (SInv)


Message History

Firing (i - inventory. (,) - cycle):
k - 56 stones (quivered)
Press: ? - help, Shift-Dir - straight line, f/p - leopard gecko
Aim: a leopard gecko (clinging)
You shoot a stone.
The stone completely misses the leopard gecko.
Firing (i - inventory. (,) - cycle):
k - 55 stones (quivered)
Press: ? - help, Shift-Dir - straight line, f/p - leopard gecko
Aim: a leopard gecko (clinging)
You shoot a stone.
The stone completely misses the leopard gecko.
Firing (i - inventory. (,) - cycle):
k - 54 stones (quivered)
Press: ? - help, Shift-Dir - straight line, f/p - leopard gecko
Aim: a leopard gecko (clinging)
You shoot a stone. The stone hits the leopard gecko!
You kill the leopard gecko!
You have reached level 3!
Your experience leads to an increase in your attributes!
Increase (S)trength, (I)ntelligence, or (D)exterity?
You feel stronger.
Are you sure you want to abandon this character and quit the game? (Confirm with "yes".)

.........................# #.#
..#.######...............#
###.## ..#.# ##..............#
#..... ..#.#
##...#.........###.#... ..#.#
###.......†.....#.####
#.#.##########.##........#.#.#
#.#............##.......##.#.#
#.###########..#####..####[#.#
#...@(((..# #.#.# ##.#####(##
#.#.# #.# #.# #.#.#
#.#####.#####.#.####
#.............#.##..
#######.#######.##.# #.#
#..#.# #.# ##.#.# #.#
#.########.#.#


There were no monsters in sight!

Vanquished Creatures
  An ooze (D:1)
  A dart slug (D:1)
  2 leopard geckos (D:1)
  2 goblins (D:1)
  A hobgoblin (D:1)
  3 kobolds (D:1)
  A bat (D:1)
  A frilled lizard (D:1)
  2 rats (D:1)
14 creatures vanquished.

Notes
Turn   | Place    | Note
-------+----------+-------------------------------------------
     0 | D:1      | terra52 the Formicid Hunter began the quest for the Orb.
     0 | D:1      | Reached XP level 1. HP: 16/16 MP: 1/1
    91 | D:1      | Reached XP level 2. HP: 23/23 MP: 2/2
   185 | D:1      | Reached skill level 5 in Slings
   412 | D:1      | Reached XP level 3. HP: 28/28 MP: 3/3
   413 | D:1      | Quit the game

Vault maps used:
D:1:      dpeg_arrival_connections, corexii_hall_statues_t,
          kennysheep_another_room

Skill      XL: |  1  2 |
---------------+-------+-----
Slings         | 5 |  5.2
Fighting       | |  2.3
Dodging        | |  1.7
Stealth        | |  1.2

Action                   || total
-------------------------++-------
 Fire: Hunting sling     ||    43
Armor: Leather armour    ||     2
Dodge: Dodged            ||     9
